 Dungeon Crawl Stone Soup version 0.18.1-48-g4cf74bf (webtiles) character file.

1122 Gargoyl the Covered (level 8, -8/61 HPs)
             Began as a Demonspawn Abyssal Knight on Aug 8, 2016.
             Was a Priest of Lugonu.
             Killed from afar by Pikel (29 damage)
             ... with a wand of lightning
             ... on level 6 of the Dungeon.
             The game lasted 00:11:28 (5067 turns).

Gargoyl the Covered (Demonspawn Abyssal Knight)     Turns: 5067, Time: 00:11:29

Health: -8/61      AC: 21    Str: 14    XL:     8   Next: 12%
Magic:  10/10      EV:  5    Int: 14    God:    Lugonu [***...]
Gold:   311        SH:  5    Dex: 18    Spells: 0 memorised, 7 levels left

rFire  . . .     SeeInvis .     a - +2 hand axe
rCold  . . .     Gourm    .     y - +0 plate armour
rNeg   . . .     Faith    .     h - +0 buckler
rPois  .         Spirit   .     s - +0 helmet
rElec  .         Dismiss  .     E - +0 cloak
rCorr  .         Reflect  .     q - +1 pair of gloves
SustAt .         Harm     .     n - +2 pair of boots
MR     .....                    (no amulet)
Stlth  ..........               (no ring)
                                o - +5 ring of dexterity

@: not resistant to hostile enchantments, extremely unstealthy
A: talons 1, demonic guardian 1, powered by death 2
a: Depart the Abyss, Bend Space, Banish, Renounce Religion


You were on level 6 of the Dungeon.
You worshipped Lugonu.
Lugonu was most pleased with you.
You were near starving.

You visited 1 branch of the dungeon, and saw 6 of its levels.
You visited the Abyss 1 time.

You collected 311 gold pieces.

Inventory:

Hand Weapons
 a - a +2 hand axe (weapon)
Missiles
 B - 7 tomahawks (quivered)
Armour
 h - a +0 buckler (worn)
 n - a +2 pair of boots (worn)
 q - a +1 pair of gloves (worn)
 s - a +0 helmet (worn)
 y - a +0 plate armour (worn)
 E - a +0 cloak (worn)
Jewellery
 o - a +5 ring of dexterity (left hand)
 C - an uncursed amulet of faith {unknown}
Wands
 d - a wand of paralysis (11/24)
 f - a wand of flame (29/48)
 i - a wand of lightning (6/15)
 z - a wand of teleportation (4/9)
 D - a wand of random effects (29/48)
Scrolls
 e - 5 scrolls of identify
 k - 2 scrolls of enchant weapon
 r - a scroll of remove curse
 v - 2 scrolls of teleportation
Potions
 b - 3 potions of flight {unknown}
 g - 2 potions of haste
 p - a potion of berserk rage {unknown}
 t - 2 potions of resistance {unknown}
Books
 w - a book of Spatial Translocations

   Spells                             Type                      Level
   a - Apportation                    Translocation                1
   b - Blink                          Translocation                2
   c - Shroud of Golubria             Charms/Translocation         2
   d - Portal Projectile              Translocation                3
   e - Teleport Other                 Translocation                3
   f - Passage of Golubria            Translocation                4
Comestibles
 c - 6 bread rations
 j - a slice of pizza
 l - 2 beef jerkies
 m - 2 meat rations
 x - 5 fruits


   Skills:
 + Level 4.9 Fighting
 + Level 3.5 Axes
 * Level 6.5 Armour
 + Level 2.6 Dodging
 + Level 0.8 Stealth
 + Level 1.8 Shields
 + Level 2.7 Invocations


You had 7 spell levels left.
You didn't know any spells.

Dungeon Overview and Level Annotations

Branches:
Dungeon (6/15)             Temple (0/1) D:4

Altars:
Ashenzari
Cheibriados
Dithmenos
Fedhas
Kikubaaqudgha
Makhleb
Pakellas
Vehumet
Zin
The Shining One

Shops:
D:6 =

Annotations:
D:3 Eukament's ghost, weakling MiFi
D:6 Pikel


Innate Abilities, Weirdness & Mutations

You have sharp toenails.
A weak demonic guardian rushes to your aid.
You regenerate health from kills.


Message History

Your quasit claws Pikel.
Pikel hits you but does no damage.
Your quasit barely misses Pikel.
Your quasit closely misses Pikel.
Your quasit misses Pikel. You hit Pikel but do no damage.
Pikel is moderately wounded.
Your quasit barely misses Pikel. x2
Your quasit claws Pikel but does no damage.
Pikel hits you but does no damage.
Unknown command.
You closely miss Pikel.
Pikel is moderately wounded.
Your quasit closely misses Pikel.
Your quasit misses Pikel.
Your quasit claws Pikel but does no damage.
Pikel hits you but does no damage.
You are electrocuted!
Your quasit closely misses Pikel.
Your quasit barely misses Pikel.
Your quasit claws Pikel but does no damage.
You slash Pikel!
Pikel is heavily wounded.
Pikel zaps a wand.
The bolt of lightning hits you! x2
You die...

#.. #.# #.#
##.## #...#
###.#.###
###...#...###
#...#####...#
#.#@K5#...#.#
#.###.#.###.#
#.# #... #.#
#.# ##.## #.#
#.# #.# #.#
#.# #.# #.#
#.# #.# #.#
#.# #.# #.#
#.####.####.#


You could see Pikel and a friendly quasit.

Vanquished Creatures
  A wyvern (D:6)
  Menkaure (D:4)
  A slave (D:4)
  An ogre (D:4)
  2 centaurs (D:5)
  A giant frog (D:5)
  2 scorpions
  Crazy Yiuf (D:6)
  3 orc priests
  An orc wizard (D:6)
  A hound skeleton (D:4)
  4 gnolls (D:4)
  6 adders
  A shadow imp (D:5)
  A worm (D:5)
  4 dart slugs (D:1)
  A giant gecko (D:5)
  6 orcs
  A ball python (D:2)
  5 giant cockroaches
  8 goblins
  7 hobgoblins
  3 jackals (D:2)
  3 quokkas
  3 bats
  A giant gecko zombie (D:5)
  9 giant newts
  5 kobolds
  15 rats
98 creatures vanquished.

Vanquished Creatures (collateral kills)
  A black bear (D:6)
  3 slaves (D:4)
  A centaur (D:6)
  A scorpion (D:5)
  2 howler monkeys
  A crimson imp (D:4)
  A hound (D:5)
  An orc wizard (D:4)
  A worker ant (D:4)
  3 gnolls (D:2)
  A giant gecko (D:5)
  A quokka (D:4)
17 creatures vanquished.

Grand Total: 115 creatures vanquished

Notes
Turn   | Place    | Note
--------------------------------------------------------------
     0 | Abyss:1  | Gargoyl the Demonspawn Abyssal Knight began the quest for the Orb.
     0 | Abyss:1  | Reached XP level 1. HP: 18/18 MP: 2/2
    91 | Abyss:2  | Noticed a smoke demon
    92 | D:1      | Escaped the Abyss
   363 | D:1      | Reached skill level 1 in Dodging
   376 | D:1      | Reached skill level 2 in Armour
   509 | D:1      | Reached * piety under Lugonu
   509 | D:1      | Gained mutation: A weak demonic guardian rushes to your aid. [demonic ancestry]
   509 | D:1      | Reached XP level 2. HP: 19/24 MP: 3/3
  1283 | D:1      | Gained mutation: You regenerate a little health from kills. [demonic ancestry]
  1283 | D:1      | Reached XP level 3. HP: 24/29 MP: 5/5
  1807 | D:2      | Reached ** piety under Lugonu
  1988 | D:2      | Reached XP level 4. HP: 29/35 MP: 6/6
  2085 | D:2      | Found a shadowy altar of Dithmenos.
  2228 | D:3      | Found a radiant altar of Vehumet.
  2228 | D:3      | Found a snail-covered altar of Cheibriados.
  2251 | D:3      | Found an ancient bone altar of Kikubaaqudgha.
  2251 | D:3      | Found a glowing silver altar of Zin.
  2283 | D:3      | Found a shattered altar of Ashenzari.
  2354 | D:3      | Found a blossoming altar of Fedhas.
  2361 | D:3      | Noticed Eukament's ghost (weakling MiFi)
  2516 | D:4      | Noticed Menkaure
  2526 | D:4      | Reached skill level 3 in Armour
  2528 | D:4      | Noticed an ogre
  2529 | D:4      | HP: 1/37 [Menkaure (13)]
  2533 | D:4      | Killed Menkaure
  2533 | D:4      | Reached XP level 5. HP: 7/42 MP: 7/7
  2540 | D:4      | Killed an ogre
  2754 | D:4      | Found an oddly glowing altar of Pakellas.
  2799 | D:4      | Reached skill level 4 in Armour
  2841 | D:4      | Reached skill level 1 in Shields
  2841 | D:4      | Gained mutation: You regenerate health from kills. [demonic ancestry]
  2841 | D:4      | Reached XP level 6. HP: 48/48 MP: 8/8
  2895 | D:4      | Found a staircase to the Ecumenical Temple.
  2907 | D:4      | Noticed a slave
  2911 | D:4      | Noticed a slave
  2912 | D:4      | Noticed a slave
  2913 | D:4      | Noticed a slave
  2918 | D:4      | Killed a slave
  2971 | D:5      | Entered Level 5 of the Dungeon
  3023 | D:4      | Killed a slave
  3045 | D:4      | Killed a slave
  3160 | D:4      | Reached *** piety under Lugonu
  3199 | D:4      | Killed a slave
  3586 | D:5      | Reached skill level 5 in Armour
  3622 | D:5      | Gained mutation: You have sharp toenails. [demonic ancestry]
  3622 | D:5      | Reached XP level 7. HP: 54/54 MP: 9/9
  4153 | D:6      | Found Fos Icke's Jewellery Shop.
  4194 | D:6      | Noticed a wyvern
  4223 | D:6      | Killed a wyvern
  4307 | D:6      | Found a burning altar of Makhleb.
  4412 | D:6      | Reached skill level 6 in Armour
  4577 | D:6      | Found a glowing golden altar of the Shining One.
  4815 | D:6      | Noticed Crazy Yiuf
  4829 | D:6      | Killed Crazy Yiuf
  4829 | D:6      | Reached XP level 8. HP: 53/61 MP: 10/10
  5056 | D:6      | Noticed Pikel
  5067 | D:6      | Killed from afar by Pikel

Skill      XL: |  1  2  3  4  5  6  7 |
---------------+----------------------+-----
Dodging        | 1 2 |  2.6
Armour         | 2 3 4 5 6 |  6.5
Axes           | 2 3 |  3.5
Fighting       | 4 |  4.9
Shields        | 1 |  1.8
Stealth        | |  0.8
Invocations    | |  2.7

Action                   |  1- 3 |  4- 6 |  7- 9 || total
-------------------------+-------+-------+-------++-------
Melee: Hand axe          |   176 |   234 |   126 ||   536
Invok: Depart the Abyss  |     1 |       |       ||     1
Evoke: Wand              |       |     1 |       ||     1
  Use: Scroll            |       |     6 |     3 ||     9
       Potion            |       |     3 |       ||     3
 Stab: Distracted        |       |     1 |       ||     1
  Eat: Chunk             |     4 |     6 |     3 ||    13
Armor: Leather armour    |    18 |       |       ||    18
       Ring mail         |    36 |       |       ||    36
       Chain mail        |    46 |   142 |    39 ||   227
       Plate armour      |       |       |    74 ||    74
Dodge: Dodged            |    87 |    63 |    38 ||   188
Block: Buckler           |     9 |    52 |    28 ||    89
